Map: Ujari

Players

A.I. 1 (Elite)

  • Race: Terran Terran
  • Spawn Location: 9:00

A.I. 2 (Elite) - Winner!

  • Race: Terran Terran
  • Spawn Location: 3:00

VOD

Have the link to the VOD?

Description

Time

  • Played on: Aug. 23, 2017, 5:13 p.m.
  • Length: 21:33
Show
View Real Time Build Order
Export as new Build Order

A.I. 1 (Elite) Terran 

Build Orders: MMM Bio 

Get SALT Encoding   

  12  0:01  SCV  
  13  0:13  SCV  
  14  0:20  Supply Depot  
  14  0:25  SCV  
  15  0:30  Refinery  
  15  0:41  SCV  
  16  0:49  Barracks  
  16  0:53  SCV  
  17  1:05  SCV  
  17  1:09  Supply Depot  
  18  1:17  SCV  
  19  1:29  SCV  
  20  1:38  Marine  
  21  1:41  Factory  
  21  1:46  Barracks  
  22  1:47  SCV  
  22  1:56  Marine  
  22  1:59  SCV  
  24  2:03  Supply Depot  
  24  2:11  SCV  
  24  2:14  Marine  
  26  2:23  SCV  
  26  2:26  Factory Tech Lab  
  27  2:32  Marine  
  27  2:35  SCV  
  27  2:36  Marine  
  30  2:44  Siege Tank  
  30  2:47  SCV  
  34  3:05  Command Center  
  34  3:11  Orbital Command  
  34  3:17  Refinery  
  34  3:26  Marine  
  35  3:30  Marine  
  36  3:37  SCV  
  37  3:44  Marine  
  37  3:48  Marine  
  39  3:49  Supply Depot  
  39  4:01  Barracks  
  39  4:06  Barracks Tech Lab  
  39  4:08  Barracks Tech Lab  
  39  4:10  SCV  
  39  4:16  SCV  
  41  4:23  SCV  
  41  4:24  Marine  
  42  4:26  Marine  
  42  4:28  SCV  
  45  4:31  Stimpack  
  45  4:35  SCV  
  45  4:36  Combat Shields  
  46  4:40  SCV  
  49  4:46  Marauder  
  49  4:47  SCV  
  49  4:50  Marauder  
  52  4:53  SCV  
  52  4:58  Marine  
  52  4:59  Supply Depot, SCV  
  55  5:05  SCV  
  58  5:07  Marauder  
  58  5:11  SCV, Marauder  
  61  5:17  SCV  
  61  5:21  Refinery  
  62  5:22  Supply Depot  
  62  5:23  SCV  
  64  5:28  Marauder  
  64  5:29  SCV  
  64  5:32  Marauder  
  64  5:34  Engineering Bay  
  64  5:35  SCV  
  68  5:42  Barracks Reactor, Engineering Bay  
  68  5:44  SCV  
  68  5:47  SCV  
  72  5:50  Marauder  
  72  5:52  Supply Depot  
  72  5:53  Marine  
  72  5:56  SCV  
  74  5:59  SCV  
  74  6:00  Terran Infantry Armor Level 1  
  75  6:08  Terran Infantry Weapons Level 1, SCV  
  78  6:11  Marauder  
  78  6:13  SCV  
  78  6:14  Supply Depot  
  79  6:20  SCV  
  79  6:23  Marine, Concussive Shells  
  82  6:25  SCV  
  82  6:27  Marine x2, Starport  
  86  6:32  Marauder  
  86  6:38  Command Center  
  86  6:47  Supply Depot  
  86  6:48  Marauder  
  90  6:54  Marauder  
  90  6:58  Orbital Command  
  90  7:03  Missile Turret  
  90  7:06  Medivac  
  92  7:09  Marauder  
  92  7:11  Missile Turret  
  92  7:14  Supply Depot  
  94  7:19  Marine  
  94  7:20  Marine  
  94  7:21  Barracks  
  94  7:22  Marine  
  97  7:30  Marine  
  98  7:37  Marauder  
  98  7:38  Starport Reactor, Supply Depot  
  100  7:44  Missile Turret  
  100  7:48  Marauder  
  100  7:50  SCV x2  
  104  7:52  SCV  
  104  7:59  Siege Tank  
  104  8:02  SCV  
  104  8:03  SCV  
  104  8:04  SCV  
  110  8:12  Supply Depot  
  110  8:13  Medivac  
  110  8:14  Viking, SCV  
  110  8:15  SCV  
  110  8:18  SCV  
  117  8:25  Armory  
  117  8:26  SCV  
  118  8:29  SCV  
  118  8:30  SCV  
  118  8:32  Siege Tank  
  123  8:37  Supply Depot  
  123  8:38  SCV  
  123  8:41  SCV  
  123  8:42  SCV  
  123  8:47  Missile Turret  
  124  8:49  Medivac  
  124  8:50  SCV  
  124  8:51  Missile Turret  
  124  8:53  SCV, Refinery  
  124  8:54  SCV  
  129  8:59  Medivac  
  129  9:01  Supply Depot  
  132  9:02  SCV  
  132  9:04  Siege Tank  
  132  9:07  Orbital Command, Refinery  
  135  9:12  Missile Turret, Marauder x2  
  135  9:16  Terran Infantry Weapons Level 2, SCV x2  
  141  9:19  Viking  
  143  9:26  Supply Depot  
  143  9:28  SCV  
  143  9:29  Marine, SCV  
  133  9:31  Marine  
  133  9:32  Marine x2  
  133  9:33  Marine, SCV  
  133  9:35  Viking  
  133  9:36  Siege Tank  
  122  9:42  SCV  
  105  9:47  Marine  
  105  9:49  Marine  
  105  9:50  Marine  
  105  9:51  Marauder x2  
  101  9:56  Liberator, Refinery  
  99  10:00  Viking  
  99  10:04  Marine  
  102  10:07  Marine  
  102  10:08  Marine, Siege Tank  
  102  10:09  Command Center  
  102  10:12  Marauder  
  102  10:13  Liberator, Marauder  
  113  10:22  Marine  
  113  10:25  Marine  
  113  10:26  Marine  
  116  10:29  Missile Turret  
  116  10:33  Marine  
  116  10:34  Marauder  
  122  10:38  Liberator  
  122  10:40  Marine  
  123  10:42  Marine  
  123  10:44  Marine  
  123  10:49  Factory  
  125  10:51  Marine  
  125  10:55  Starport, Marauder  
  131  10:58  Marine  
  131  11:00  Marine  
  132  11:10  Marauder  
  134  11:12  Marine  
  134  11:13  Viking  
  134  11:14  Liberator  
  134  11:16  Marauder  
  139  11:22  SCV x2, Supply Depot  
  141  11:31  Marauder  
  141  11:32  Planetary Fortress, Refinery  
  146  11:35  Missile Turret  
  146  11:38  Viking, Missile Turret, Marauder  
  146  11:39  Command Center  
  150  11:42  Missile Turret  
  150  11:45  Missile Turret  
  150  11:48  Missile Turret, Terran Infantry Weapons Level 3  
  150  11:49  Factory Tech Lab, Refinery  
  150  11:50  Hellion  
  150  11:51  SCV  
  150  11:52  Marauder  
  154  12:06  Factory, Infernal Pre-Igniter  
  154  12:07  Widow Mine  
  156  12:11  Siege Tank  
  156  12:14  Supply Depot, Starport Tech Lab  
  159  12:26  Liberator  
  159  12:30  Missile Turret  
  159  12:35  Raven  
  159  12:36  Siege Tank  
  164  12:40  Liberator  
  164  12:41  Supply Depot  
  164  12:42  Terran Vehicle Weapons Level 1  
  169  12:44  Hellion  
  169  12:49  Cyclone  
  172  12:51  Armory  
  170  13:03  Marine  
  170  13:05  Marine, Hellion, Marauder  
  167  13:07  SCV x2, Refinery  
  167  13:08  Marine x2, SCV, Widow Mine  
  167  13:10  SCV  
  167  13:12  Refinery  
  166  13:16  SCV  
  166  13:18  Raven, Missile Turret  
  166  13:19  SCV  
  155  13:21  Hellion  
  155  13:22  SCV, Marauder  
  155  13:23  Marine  
  155  13:26  Marine x2, Viking, Marauder  
  136  13:27  SCV  
  136  13:32  SCV  
  123  13:34  SCV  
  123  13:37  SCV  
  123  13:39  Terran Vehicle And Ship Armor Level 1  
  123  13:40  Viking  
  89  13:41  Marine, Hellion  
  89  13:42  Marine  
  89  13:44  Marine  
  89  13:45  Marine  
  89  13:48  Marauder  
  85  13:54  Hellion  
  84  13:56  Viking  
  84  13:59  Marine  
  84  14:00  Marine  
  84  14:02  Marine, Siege Tank  
  91  14:04  SCV  
  91  14:06  Marine  
  94  14:15  Siege Tank, SCV  
  94  14:16  SCV  
  99  14:17  SCV  
  99  14:20  SCV  
  99  14:22  SCV  
  102  14:27  SCV, Hellion  
  102  14:29  SCV x2  
  107  14:32  SCV  
  107  14:34  SCV  
  109  14:39  SCV, Hellion  
  109  14:41  SCV  
  109  14:43  SCV  
  109  14:44  SCV  
  115  14:50  Siege Tank  
  115  14:51  SCV  
  119  14:53  SCV  
  119  14:55  SCV  
  119  14:56  SCV  
  119  14:58  SCV  
  123  15:01  Liberator  
  123  15:03  Siege Tank, SCV  
  123  15:05  Liberator, Marauder  
  129  15:09  Marauder  
  129  15:14  Viking  
  136  15:27  Liberator  
  139  15:32  Siege Tank  
  142  15:36  Siege Tank  
  142  15:39  Hellion  
  142  15:42  Marine  
  148  15:43  Marine  
  148  15:44  Liberator  
  152  15:56  Missile Turret, Planetary Fortress  
  152  16:00  Hellion  
  152  16:02  Missile Turret  
  157  16:04  Missile Turret  
  157  16:08  Cyclone  
  160  16:12  Cyclone  
  160  16:15  Marine  
  160  16:16  Marine  
  165  16:22  Hellion  
  167  16:26  Viking  
  167  16:32  Marine  
  132  16:33  Marine, Marauder  
  132  16:34  Marine, Marauder  
  132  16:39  SCV  
  116  16:40  SCV, Widow Mine  
  116  16:42  SCV  
  116  16:43  Hellion  
  93  16:47  Siege Tank  
  93  16:48  SCV  
  93  16:50  Marine  
  93  16:51  Marine  
  82  16:55  Marauder  
  82  16:56  Marauder  
  72  17:02  SCV  
  72  17:04  Hellion  
  72  17:05  SCV x2  
  72  17:07  SCV  
  72  17:08  Marine x2  
  70  17:09  Siege Tank  
  70  17:11  SCV  
  70  17:14  SCV  
  60  17:16  Marauder  
  60  17:17  Marine  
  60  17:19  SCV x2, Hellion  
  60  17:20  SCV  
  63  17:24  SCV  
  63  17:25  Marine  
  63  17:26  Marine, SCV  
  60  17:34  Marine  
  58  17:37  Marine  
  58  17:40  Siege Tank  
  58  17:43  Marine  
  58  17:45  Marine  
  58  17:51  Hellion  
  56  17:52  Marine  
  56  17:55  Marine  
  55  17:59  Hellion  
  46  18:12  Marine  
  46  18:16  Starport Tech Lab  
  28  18:47  Barracks  
  22  19:24  Command Center  
  22  19:34  Command Center  
  22  19:35  Marine  
  14  19:52  Supply Depot  
Show
View Real Time Build Order
Export as new Build Order

A.I. 2 (Elite) Terran - Winner!

Build Orders: MMM Bio 

Get SALT Encoding   

  12  0:00  SCV  
  13  0:13  SCV  
  14  0:19  Supply Depot  
  14  0:25  SCV  
  15  0:41  SCV  
  16  0:45  Barracks  
  16  0:53  SCV  
  17  1:05  SCV  
  18  1:17  SCV  
  19  1:22  Command Center  
  19  1:32  Marine  
  20  1:36  Orbital Command  
  20  1:48  Supply Depot  
  20  1:50  Marine  
  20  1:52  Refinery  
  21  2:02  SCV  
  21  2:07  Marine  
  23  2:12  Barracks  
  23  2:14  SCV  
  24  2:19  Refinery  
  24  2:25  Marine  
  24  2:26  SCV  
  26  2:33  Supply Depot  
  26  2:38  SCV  
  27  2:49  Orbital Command  
  27  2:51  Marine  
  27  2:55  SCV  
  29  3:07  SCV, Factory  
  29  3:11  Marine  
  31  3:14  Marine  
  31  3:17  SCV  
  33  3:20  SCV  
  34  3:28  Marine  
  34  3:30  SCV  
  34  3:32  Marine, SCV  
  37  3:42  SCV  
  37  3:44  SCV  
  37  3:46  Marine  
  40  3:49  Marine  
  40  3:53  Factory Tech Lab  
  40  3:54  SCV  
  42  3:58  SCV  
  42  4:00  Starport  
  43  4:05  Marine, Supply Depot  
  43  4:06  SCV  
  43  4:07  Marine  
  46  4:10  SCV  
  47  4:17  Siege Tank  
  47  4:18  SCV  
  47  4:22  SCV  
  52  4:27  Marine  
  52  4:28  Supply Depot  
  52  4:29  Marine  
  52  4:30  SCV  
  55  4:34  SCV  
  56  4:39  Supply Depot, Starport Tech Lab  
  56  4:42  SCV  
  57  4:46  SCV  
  57  4:49  Siege Tank  
  61  4:55  SCV  
  61  4:56  Supply Depot  
  61  4:58  Banshee, SCV  
  61  4:59  Marine x2  
  69  5:07  SCV  
  69  5:09  Refinery  
  69  5:10  SCV  
  70  5:18  Barracks Tech Lab, Refinery  
  70  5:19  SCV  
  71  5:22  SCV  
  72  5:31  SCV  
  72  5:32  Engineering Bay  
  72  5:34  SCV  
  74  5:37  Combat Shields  
  74  5:38  Supply Depot  
  74  5:39  Command Center  
  74  5:40  Marauder  
  76  5:43  SCV  
  77  5:51  SCV  
  77  5:55  SCV  
  79  5:59  Engineering Bay  
  79  6:00  Terran Infantry Armor Level 1  
  79  6:01  Marauder  
  79  6:03  SCV  
  82  6:04  Barracks Tech Lab, Barracks  
  82  6:08  Supply Depot  
  82  6:17  Medivac  
  84  6:23  Stimpack, Marauder x2  
  84  6:25  Terran Infantry Weapons Level 1  
  88  6:34  Missile Turret  
  88  6:36  Missile Turret  
  88  6:38  Supply Depot  
  88  6:44  Marauder x2  
  92  6:47  Viking  
  92  6:51  Marine, SCV x2  
  92  6:52  SCV  
  98  7:03  SCV  
  98  7:04  SCV  
  98  7:05  SCV, Marauder  
  98  7:06  Missile Turret  
  103  7:10  Concussive Shells, Marauder  
  103  7:11  Barracks Reactor  
  103  7:15  SCV  
  106  7:17  Viking, SCV  
  106  7:18  Orbital Command, Missile Turret  
  106  7:20  Supply Depot  
  109  7:27  SCV, Marauder  
  109  7:29  SCV, Barracks  
  113  7:30  Marine  
  114  7:39  SCV  
  114  7:41  Missile Turret  
  114  7:42  SCV  
  114  7:43  SCV  
  117  7:46  Supply Depot  
  117  7:47  Medivac  
  117  7:48  Marine  
  117  7:49  Marauder  
  122  7:51  SCV  
  122  7:54  SCV  
  122  7:55  SCV  
  125  8:02  Missile Turret  
  125  8:04  SCV  
  125  8:06  Marauder  
  125  8:09  Supply Depot  
  125  8:10  Marauder  
  129  8:17  Viking, Hi-Sec Auto Tracking  
  129  8:18  Factory  
  131  8:23  Starport  
  131  8:27  Marauder  
  131  8:29  Missile Turret, Command Center  
  133  8:35  Supply Depot  
  133  8:37  Siege Tank  
  136  8:47  Viking  
  138  8:53  Refinery  
  138  8:57  Refinery  
  138  8:59  Supply Depot  
  138  9:00  Medivac  
  138  9:01  Armory, Factory Tech Lab  
  140  9:09  Siege Tank  
  143  9:16  Marauder  
  144  9:17  Raven, Barracks  
  144  9:20  Siege Tank, SCV  
  144  9:21  Missile Turret, SCV  
  148  9:25  Missile Turret  
  148  9:27  Missile Turret  
  148  9:30  Medivac  
  136  9:31  Supply Depot  
  136  9:32  SCV  
  125  9:41  Marine  
  125  9:43  Marine  
  125  9:44  Marine  
  116  9:45  Marine  
  116  9:47  Marine  
  116  9:49  SCV  
  116  9:51  Terran Infantry Weapons Level 2  
  113  9:53  SCV  
  113  9:55  SCV, Command Center  
  113  9:58  Marine  
  113  9:59  Refinery  
  109  10:00  Starport Reactor  
  109  10:01  Marine, SCV  
  109  10:02  Marine  
  109  10:03  Marine  
  109  10:05  Marine  
  113  10:07  SCV  
  113  10:09  Marine  
  114  10:14  Viking  
  114  10:17  Marauder  
  114  10:19  Marine  
  114  10:20  Marine  
  120  10:21  Marine  
  120  10:26  Orbital Command  
  120  10:27  Marine  
  120  10:28  Marine  
  123  10:30  Missile Turret  
  123  10:36  Viking  
  123  10:37  Medivac, Marauder  
  123  10:38  Marine  
  123  10:39  Marine x2  
  123  10:41  Missile Turret  
  132  10:44  Viking  
  132  10:45  Marine  
  135  10:51  High Capacity Fuel Tanks  
  135  10:56  Marauder  
  137  10:58  Marauder  
  139  11:05  Marine  
  139  11:06  Marine, Building Armor, Viking  
  139  11:11  Refinery  
  143  11:14  Raven  
  143  11:16  Refinery  
  143  11:17  Marauder  
  147  11:20  Marauder  
  147  11:21  Planetary Fortress  
  147  11:25  Marine x2  
  151  11:28  Viking  
  151  11:30  Barracks Tech Lab  
  153  11:34  Command Center  
  153  11:39  Ghost Academy, Marauder  
  155  11:41  Marauder  
  155  11:45  Viking  
  159  11:48  Marauder  
  161  11:55  Marine  
  161  11:56  Marine  
  161  11:57  Marine, Medivac  
  161  11:58  Viking  
  161  12:00  Supply Depot, Marauder  
  161  12:01  Terran Ship Weapons Level 1  
  170  12:06  Marauder  
  170  12:08  Armory  
  172  12:09  Marauder  
  174  12:18  Terran Infantry Weapons Level 3  
  174  12:21  Ghost  
  176  12:24  Siege Tank  
  176  12:26  Supply Depot  
  176  12:27  Liberator  
  179  12:34  Widow Mine  
  181  12:40  Liberator  
  181  12:41  Marine  
  182  12:47  Medivac  
  179  12:54  SCV  
  179  12:55  SCV x3  
  179  12:56  Cyclone, Terran Vehicle Weapons Level 1  
  179  12:58  SCV  
  183  12:59  Refinery  
  183  13:03  Widow Mine  
  166  13:06  SCV  
  166  13:07  SCV x2  
  166  13:08  SCV  
  162  13:17  Viking  
  162  13:18  SCV  
  162  13:19  SCV x2  
  154  13:24  SCV  
  145  13:30  SCV  
  145  13:31  SCV  
  145  13:32  Command Center  
  145  13:34  SCV  
  133  13:37  SCV  
  131  13:42  SCV  
  131  13:43  Marauder  
  131  13:44  SCV  
  131  13:46  SCV  
  134  13:49  SCV  
  134  13:54  SCV, Marauder  
  131  13:56  SCV  
  131  13:59  SCV  
  131  14:00  Liberator  
  131  14:01  SCV  
  131  14:02  Marauder  
  134  14:06  SCV  
  134  14:07  Viking  
  136  14:10  SCV  
  136  14:11  SCV  
  136  14:13  SCV  
  137  14:18  Marine, SCV  
  137  14:22  SCV, Marauder  
  137  14:23  SCV  
  146  14:27  Marauder  
  146  14:30  SCV  
  149  14:32  SCV  
  149  14:34  SCV  
  151  14:39  Planetary Fortress  
  151  14:41  Missile Turret  
  151  14:42  Marine  
  151  14:43  Marine  
  153  14:48  Marauder  
  153  14:49  Missile Turret  
  153  14:51  Marauder  
  153  14:52  Missile Turret  
  157  14:55  Siege Tank  
  157  14:58  Terran Vehicle And Ship Armor Level 1  
  160  15:02  Terran Infantry Armor Level 2  
  160  15:06  Terran Vehicle Weapons Level 2  
  160  15:08  Widow Mine  
  160  15:11  Medivac  
  164  15:16  Planetary Fortress  
  164  15:25  Marine x2  
  164  15:26  Marine  
  164  15:27  Marine, Widow Mine  
  170  15:29  Command Center  
  170  15:37  Siege Tank  
  173  15:43  Marine  
  173  15:44  Marine  
  173  15:45  Marine  
  173  15:46  Marine  
  177  15:52  Viking  
  177  15:55  Widow Mine  
  181  15:59  Marine  
  181  16:00  Marine  
  181  16:01  Ghost, Marauder  
  181  16:02  Marine  
  188  16:09  Siege Tank  
  191  16:15  Marine  
  191  16:17  Medivac  
  194  16:19  Medivac  
  194  16:20  Ghost  
  194  16:22  Marauder  
  200  16:27  Viking  
  200  16:29  Widow Mine  
  200  16:32  Liberator  
  182  16:42  Marauder  
  182  16:43  Planetary Fortress  
  182  16:44  Marauder  
  175  16:47  Viking  
  175  16:49  Marauder  
  175  16:50  Missile Turret  
  168  16:55  Missile Turret  
  168  16:57  Raven  
  168  16:58  Marine  
  168  16:59  Widow Mine  
  168  17:00  Liberator  
  160  17:04  Marauder  
  160  17:05  Marauder  
  157  17:11  Cyclone, Marauder  
  157  17:14  SCV  
  162  17:18  Command Center  
  163  17:25  Marauder  
  163  17:28  Siege Tank  
  164  17:31  Terran Infantry Armor Level 3  
  164  17:32  Medivac  
  164  17:36  Terran Vehicle Weapons Level 3  
  164  17:37  Marine  
  165  17:38  Marine  
  165  17:40  Marine, Medivac  
  165  17:42  Marauder  
  165  17:43  Cyclone  
  172  17:44  Marine  
  172  17:45  Liberator  
  172  17:47  Marine  
  174  17:54  Marine  
  174  17:56  Marine  
  174  17:58  Marine  
  176  17:59  Widow Mine  
  176  18:00  Viking  
  176  18:02  Marine  
  176  18:04  Marine, Marauder  
  187  18:09  Medivac  
  189  18:13  Marauder  
  189  18:14  Marine  
  189  18:15  Widow Mine  
  194  18:25  Marine x2  
  196  18:28  Siege Tank  
  196  18:33  Terran Vehicle And Ship Armor Level 2  
  199  18:34  Planetary Fortress, Missile Turret  
  199  18:37  Missile Turret  
  199  18:39  Missile Turret  
  199  18:43  Missile Turret  
  199  18:48  Missile Turret, Command Center  
  199  18:52  Missile Turret  
  199  18:55  Missile Turret  
  199  19:13  Raven, Medivac  
  200  19:17  Missile Turret  
  199  19:33  Viking  
  197  19:39  Marauder x2  
  197  19:40  Marine, Refinery, Marauder  
  197  19:42  Refinery  
  199  19:56  Refinery  
  199  19:58  Refinery  
  199  20:02  Planetary Fortress, Refinery  
  199  20:06  Refinery  
  199  20:14  Missile Turret  
  199  20:18  Missile Turret  
  199  20:21  Missile Turret  
  199  20:24  Refinery  
  199  20:39  Viking  
  199  20:40  Viking  
  199  20:43  Viking  
  199  20:44  Marauder  
Tags
 
Composition
MMM BioMMM Bio
Matchup
TvT
Race
Terran
Spawn Locations
Cross Positions
Add a new tag
Caveats
  • Supply blocks, unpowered buildings, or Contaminate may cause inaccurate times.
  • Supply counts are checked every 10 seconds.